 Dungeon Crawl Stone Soup version 0.30.0-17-ge0270778cf (webtiles) character file.

Game seed: 1523061671558008647

254 Kenran the Slasher (level 6, 0/39 (47) HPs)
             Began as a Formicid Fighter on May 21, 2023.
             Killed by divine providence
             ... invoked by an orc priest
              (13 damage)
             ... on level 4 of the Dungeon.
             The game lasted 00:04:19 (1767 turns).

Kenran the Slasher (Formicid Fighter)               Turns: 1767, Time: 00:04:19

HP:   0/39 (47)     AC:  6    Str: 21    XL:     6   Next: 38%
MP:   0/6           EV:  9    Int:  7    God:
Gold: 69            SH:  5    Dex: 15    Spells: 5/5 levels left

rFire   + . .        a - +0 long sword
rCold   + . .        c - +0 buckler
rNeg    . . .        b - +0 scale mail
rPois   +            (helmet unavailable)
rElec   +            (no cloak)
rCorr   +            (no gloves)
SInv    +            (no boots)
Will    .....        d - amulet of guardian spirit Stlth
                     (no ring)
HPRegen 0.26/turn    (no ring)
MPRegen 0.10/turn

%: guardian spirit
@: brilliant, resistant, heavily drained
A: permanent stasis, dig shafts and tunnels, antennae 3, four strong arms
a: Dig, Shaft Self


You were on level 4 of the Dungeon.
You visited 1 branch of the dungeon, and saw 4 of its levels.

You collected 69 gold pieces.

Inventory:

Hand Weapons
 a - a +0 long sword (weapon)
Armour
 b - a +0 scale mail (worn)
 c - a +0 buckler (worn)
Jewellery
 d - an amulet of guardian spirit (around neck)
Scrolls
 e - a scroll of teleportation {unknown}
 f - a scroll of blinking {unknown}
 h - 3 scrolls of identify {unknown}
 i - 3 scrolls of fear {unknown}
 l - a scroll of vulnerability {unknown}
Potions
 g - a potion of brilliance
 j - a potion of resistance
 k - a potion of curing {unknown}
 m - a potion of haste {unknown}
 n - a potion of flight {unknown}


   Skills:
 - Level 3.2 Fighting
 + Level 6.3 Long Blades
 - Level 3.2 Armour
 - Level 4.0 Shields


You had 5 spell levels left.
You didn't know any spells.
Your spell library contained the following spells:

 Spells                   Type           Power      Damage    Failure   Level
 Animate Armour           Summ/Erth      0%         N/A       100%        4
 Borgnjor's Vile Clutch   Necr/Erth      0%         N/A       100%        5
 Metabolic Englaciation   Hex/Ice        0%         N/A       100%        5


Dungeon Overview and Level Annotations

Branches:
Dungeon (4/15)
 Temple: D:4-7

Altars:
Gozag
Makhleb
Yredelemnul

Annotations:
D:3 2 transporters


Innate Abilities, Weirdness & Mutations

You cannot be hasted, slowed, berserked, paralysed or teleported.
You can dig through walls and to a lower floor.
You have a pair of large antennae on your head. (SInv)
Your four strong arms can wield two-handed weapons with a shield.


Message History

You feel clever all of a sudden. The orc hits you but does no damage.
You feel drained.
You hit the orc.
The orc is severely wounded.
The orc hits you with a +1 short sword of draining.
You feel drained. The orc closely misses you.
You barely miss the orc.
The orc is moderately wounded.
You hear the hiss of an avalanche of sand nearby.
The orc hits you with a +1 short sword of draining.
You feel drained.
You closely miss the orc.
The orc is moderately wounded.
The orc hits you but does no damage.
You feel drained.
You hit the orc.
You kill the orc!
You hit the orc priest.
The orc priest is lightly wounded.
The orc priest invokes the aid of Beogh against you.
Pain shoots through your body!
You barely miss the orc priest.
The orc priest is lightly wounded.
The orc priest hits you with a +0 club.
You hit the orc priest but do no damage.
The orc priest is lightly wounded.
The orc priest misses you.
You closely miss the orc priest.
The orc priest is lightly wounded.
The orc priest hits you but does no damage.
You closely miss the orc priest.
The orc priest is lightly wounded.
The orc priest completely misses you.
It was a potion of resistance.
You feel protected.
The orc priest looks braver for a moment.
You slash the orc priest!
The orc priest is severely wounded.
The orc priest calls down the wrath of Beogh upon you.
Beogh smites you!
You die...

............####.....
.$...................
..##.####.######{ ..
. ........#
.........# ###..
.......(..##...[.#
.......«...†.#
.......†####
........##@# ###
........#o## #....
........##.#......
...........>o..<..
#.#.....####......
....##### .{.... ..#.
..... ... ..... .
....


You could see an orc priest.

Vanquished Creatures
  An ogre (D:4)
  A howler monkey (D:4)
  A hound (D:4)
  An orc priest (D:4)
  2 adders (D:2)
  A worm (D:2)
  2 dart slugs (D:1)
  3 orcs
  7 ball pythons
  5 endoplasms
  2 giant cockroaches
  5 goblins
  6 hobgoblins
  2 quokkas
  3 bats
  6 frilled lizards
  3 kobolds
  2 rats
53 creatures vanquished.

Notes
Turn   | Place    | Note
-------+----------+-------------------------------------------
     0 | D:1      | Kenran the Formicid Fighter began the quest for the Orb.
     0 | D:1      | Reached XP level 1. HP: 18/18 MP: 1/1
     6 | D:1      | Noticed a polar bear
     7 | D:1      | Noticed a wyvern
     7 | D:1      | Noticed a black mamba
   132 | D:1      | Reached XP level 2. HP: 24/24 MP: 2/2
   376 | D:1      | Reached skill level 3 in Long Blades
   566 | D:1      | Reached XP level 3. HP: 26/29 MP: 3/3
  1067 | D:2      | Reached skill level 4 in Long Blades
  1067 | D:2      | Reached XP level 4. HP: 34/35 MP: 4/4
  1194 | D:2      | Found an opulent altar of Gozag.
  1295 | D:2      | Found a faded altar of an unknown god.
  1497 | D:3      | Found a transporter.
  1503 | D:3      | Found a transporter.
  1549 | D:3      | Found a burning altar of Makhleb.
  1563 | D:3      | Got the Guidebook on Heavy Interference
  1615 | D:3      | You fall into a shaft and drop 1 floor!
  1615 | D:4      | Found a basalt altar of Yredelemnul.
  1677 | D:4      | Noticed an ogre
  1685 | D:4      | Killed an ogre
  1686 | D:4      | Reached skill level 5 in Long Blades
  1686 | D:4      | Reached XP level 5. HP: 40/41 MP: 5/5
  1714 | D:4      | Reached XP level 6. HP: 47/47 MP: 6/6
  1728 | D:4      | Reached skill level 6 in Long Blades
  1767 | D:4      | Killed from afar by an orc priest

Illustrated notes

Levels and vault maps discovered:
D:1:      onia_arrival_zoo_common, layout_basic
D:2:      layout_rooms, basic_altar, shapermc_ecumenical_altar_flowoftime
D:3:      layout_loops_ring, evilmike_ruin_ashenzari, lemuel_crystal_altar,
          mainiacjoe_overflow_cross_hatched, gammafunk_ghost_gnarly_gnolls
D:4:      layout_rooms, kennysheep_ying_yang, enter_ossuary_3, uniq_natasha

Skill      XL: |  1  2  3  4  5  6 |
---------------+-------------------+-----
Long Blades    | 3 4 5 6 |  6.3
Fighting       | |  3.2
Armour         | |  3.2
Shields        | |  4.0

Action                     |  1- 3 |  4- 6 || total
---------------------------+-------+-------++-------
  Melee: Long sword        |    84 |    88 ||   172
Ability: Dig               |       |     2 ||     2
    Use: Potion            |       |     3 ||     3
 Armour: Scale mail        |    26 |    38 ||    64
  Dodge: Dodged            |    27 |    38 ||    65
  Block: Buckler           |    22 |    17 ||    39
